 Dungeon Crawl Stone Soup version 0.28-a0-653-g7e9dba17c3 (webtiles) character file.

Game seed: 10473720160801203206

566 Demosthentine the Poker (level 7, -1/55 HPs)
             Began as a Merfolk Gladiator on Oct 12, 2021.
             Slain by Duvessa (13 damage)
             ... on level 4 of the Dungeon.
             The game lasted 00:04:54 (4475 turns).

Demosthentine the Poker (Merfolk Gladiator)         Turns: 4475, Time: 00:04:55

Health: -1/55      AC:  7    Str: 16      XL:     7   Next: 32%
Magic:  7/7        EV: 17    Int:  7      God:
Gold:   127        SH:  0    Dex: 13 (16) Spells: 6/6 levels left

rFire   . . .      SeeInvis .   a - +0 trident (flame)
rCold   . . .      Faith    .   (no shield)
rNeg    . . .      Spirit   .   b - +0 leather armour
rPois   .          Reflect  .   c - +0 helmet
rElec   .          Harm     .   g - +2 cloak {rCorr}
rCorr   +          Rampage  .   (no gloves)
Will    .....                   (boots currently unavailable)
Stlth   ++........              (no amulet)
HPRegen 0.18/turn               (no ring)
MPRegen 0.10/turn               (no ring)

@: very quick
A: nimble swimmer 2, mertail
a: no special abilities


You were on level 4 of the Dungeon.
You visited 1 branch of the dungeon, and saw 4 of its levels.

You collected 127 gold pieces.

Inventory:

Hand Weapons
 a - a +0 trident of flaming (weapon)
Missiles
 d - 3 throwing nets (quivered)
Armour
 b - a +0 leather armour (worn)
 c - a +0 helmet (worn)
 g - a +2 cloak of preservation (worn)
 h - a +0 pair of boots (melded)
 i - a +0 buckler
Wands
 j - a wand of flame (8)
Scrolls
 e - 2 scrolls of teleportation
 f - a scroll of blinking
 l - a scroll of silence
Potions
 n - a potion of haste


   Skills:
 + Level 4.4 Fighting
 + Level 6.8 Polearms
 - Level 2.0 Throwing
 + Level 2.3 Armour
 + Level 6.1 Dodging
 + Level 2.2 Shields


You had 6 spell levels left.
You didn't know any spells.
Your spell library contained the following spells:

 Spells                   Type           Power      Damage    Failure   Level
 Call Canine Familiar     Summ           0%         N/A       86%         3
 Portal Projectile        Hex/Tloc       0%         N/A       86%         3
 Leda's Liquefaction      Hex/Erth       0%         N/A       99%         4


Dungeon Overview and Level Annotations

Branches:
Dungeon (4/15)
 Temple: D:4-7

Altars:
Fedhas
Hepliaklqana
Sif Muna
Wu Jian

Shops:
D:1 (::((

Annotations:
D:4 Dowan, Duvessa


Innate Abilities, Weirdness & Mutations

You are quick and stealthy near water. (Stealth+, EV+, Speed+++)
Your lower body shifts to a powerful aquatic tail in water.


Message History

You open the door.
There is an open door here.
Found an escape hatch in the floor.
No target in view!
Things that are here:
a +0 short sword; an orc skeleton No target in view!
No target in view!
Found an ornate altar of the Wu Jian Council.
Duvessa shouts!
Dowan shouts!
There are monsters nearby!
You reach to attack!
You hit Duvessa but do no damage.
There are monsters nearby!
You barely miss Duvessa.
Duvessa drinks a potion.
Duvessa seems to grow stronger.
There are monsters nearby!
You hit Duvessa. You burn Duvessa.
Duvessa is lightly wounded.
Duvessa barely misses you.
You hit Duvessa. You burn Duvessa.
Duvessa is moderately wounded.
Dowan points at you and mumbles some strange words.
The puff of flame hits you! Duvessa hits you with a +0 rapier!!
You closely miss Duvessa.
Duvessa is moderately wounded.
Unknown command.
Duvessa hits you with a +0 rapier.
Dowan smirks and points a slender finger.
Dowan gestures at Duvessa while chanting.
Duvessa seems to speed up.
Duvessa hits you with a +0 rapier!
* * * LOW HITPOINT WARNING * * *
There is an open door here.
Your legs become a tail as you enter the water.
Your +0 pair of boots melds into your body.
Duvessa says, "Did you see that move?
Perfect!"
You hit Duvessa but do no damage.
Your tail-slap misses Duvessa.
Duvessa is moderately wounded.
Duvessa hits you with a +0 rapier!
You die...

...##........#########.#######
#........)...##.....#........
...###)..[)..##.....#.#######
#................#
#......#)######..##########
#......#.#≈≈≈≈#...)........
##.......#≈>_≈#...#########
#.......#≈⌠.≈#...#
#......ee@≈≈≈#...#
#.......######...#
#............()<.#
#..........#.###.#
#........))..# #.#
#........>.### #.##
#..........# #..##
#########'## #...## #.#
#####...#


You could see Duvessa (fast, strong) and Dowan.

Vanquished Creatures
  Eustachio (D:4)
  Menkaure (D:4)
  An orc priest (D:4)
  Crazy Yiuf (D:2)
  3 orc wizards
  10 gnolls
  4 adders
  A worm (D:2)
  8 orcs
  9 ball pythons
  4 bats
  3 endoplasms
  3 giant cockroaches
  3 goblins
  6 hobgoblins
  2 jackals (D:3)
  12 kobolds
  2 quokkas (D:3)
  2 frilled lizards
  7 rats
83 creatures vanquished.

Vanquished Creatures (others)
  6 fungi (D:4)
  5 toadstools (D:4)
11 creatures vanquished.

Grand Total: 94 creatures vanquished

Notes
Turn   | Place    | Note
-------+----------+-------------------------------------------
     0 | D:1      | Demosthentine the Merfolk Gladiator began the quest for the
                  | Orb.
     0 | D:1      | Reached XP level 1. HP: 16/16 MP: 1/1
    59 | D:1      | Found Zeha's Weapon Boutique.
    74 | D:1      | Found Hepniant's Book Shop.
    89 | D:1      | Found Pica Rakio's Weapon Shoppe.
   311 | D:1      | Found Icumoab's Book Emporium.
   377 | D:1      | Reached XP level 2. HP: 21/23 MP: 2/2
   495 | D:1      | Found Nusylobitz's Weapon Boutique.
  1051 | D:2      | Reached XP level 3. HP: 13/28 MP: 3/3
  1330 | D:2      | Reached skill level 5 in Polearms
  1799 | D:2      | Reached skill level 1 in Armour
  1801 | D:2      | Reached XP level 4. HP: 34/35 MP: 4/4
  2006 | D:2      | Found a runed translucent door.
  2007 | D:2      | Noticed Crazy Yiuf
  2384 | D:2      | Killed Crazy Yiuf
  2440 | D:3      | Found a blossoming altar of Fedhas.
  2444 | D:3      | Found a shimmering blue altar of Sif Muna.
  2452 | D:3      | Found a hazy altar of Hepliaklqana.
  2459 | D:3      | Reached skill level 5 in Dodging
  2459 | D:3      | Reached XP level 5. HP: 31/41 MP: 5/5
  3431 | D:3      | Found a faded altar of an unknown god.
  3575 | D:3      | Reached skill level 1 in Shields
  3575 | D:3      | Reached XP level 6. HP: 42/48 MP: 6/6
  3763 | D:4      | Noticed Duvessa
  3764 | D:4      | Noticed Dowan
  4005 | D:4      | Noticed Eustachio
  4020 | D:4      | Noticed Menkaure
  4324 | D:4      | Killed Menkaure
  4325 | D:4      | Reached XP level 7. HP: 51/54 MP: 7/7
  4376 | D:4      | Killed Eustachio
  4463 | D:4      | Found an ornate altar of the Wu Jian Council.
  4475 | D:4      | Slain by Duvessa

Illustrated notes

Levels and vault maps discovered:
D:1:      tarquinn_simple_flora_water_c, layout_basic, serial_shops, shop,
          nicolae_lakefront_shop, shop, nicolae_shop_statue_plus, shop
D:2:      layout_loops_corners, uniq_crazy_yiuf_cottage
D:3:      layout_loops_cross, lemuel_crystal_altar,
          mainiacjoe_overflow_catwalk_spiral,
          shapermc_ecumenical_altar_mp_vishouse
D:4:      layout_basic, general_overflow_altar, minmay_temple_entry_glass,
          serial_curves, eino_curves_04, eino_curves_02,
          minmay_gold_behind_fungi, uniq_grinder, uniq_duvessa, uniq_menkaure,
          uniq_eustachio

Skill      XL: |  1  2  3  4  5  6  7 |
---------------+----------------------+-----
Polearms       | 5 6 |  6.8
Armour         | 1 2 |  2.3
Fighting       | 3 4 |  4.4
Dodging        | 5 6 |  6.1
Shields        | 1 2 |  2.2
Throwing       | |  2.0

Action                   |  1- 3 |  4- 6 |  7- 9 || total
-------------------------+-------+-------+-------++-------
Melee: Trident           |    71 |   192 |    34 ||   297
Throw: Throwing net      |       |     1 |       ||     1
  Use: Scroll            |     5 |     7 |       ||    12
       Potion            |     1 |     1 |     1 ||     3
 Stab: Sleeping          |     1 |     4 |       ||     5
       Held in net/web   |       |     1 |       ||     1
Armor: Leather armour    |    12 |    49 |    34 ||    95
Dodge: Dodged            |    41 |   116 |    73 ||   230

Table legend: (Time is in decaauts)
 A = Elapsed time spent in this place.
 B = Non-inter-level travel time spent in this place.
 C = Inter-level travel time spent in this place.
 D = Time resting spent in this place.
 E = Time spent auto-exploring this place.
 F = Levels seen in this place.
 G = Mean time per level.
                   A        B        C        D        E       F      G
               +--------+--------+--------+--------+--------+-----+--------+
         Total |   4479 |   4383 |     96 |    717 |   2861 |   4 | 1119.8 |
       Dungeon |   4479 |   4383 |     96 |    717 |   2861 |   4 | 1119.8 |
               +--------+--------+--------+--------+--------+-----+--------+

Top non-repeatable levels by time:
     D:2: 1545 daAuts
     D:3: 1356 daAuts
     D:1: 1239 daAuts
     D:4: 339 daAuts
